 Dungeon Crawl Stone Soup version 0.18.1-48-g4cf74bf (webtiles) character file.

440 Siriah the Sneak (level 7, -13/58 HPs)
             Began as a Naga Enchanter on July 31, 2016.
             Mangled by an ogre
             ... wielding a +0 giant club
              (29 damage)
             ... on level 4 of the Dungeon.
             The game lasted 00:14:17 (4388 turns).

Siriah the Sneak (Naga Enchanter)                   Turns: 4388, Time: 00:14:18

Health: -13/58     AC:  9    Str: 16    XL:     7   Next: 2%
Magic:  7/12       EV: 10    Int: 17    God:
Gold:   256        SH:  0    Dex: 11    Spells: 2 memorised, 9 levels left

rFire  . . .     SeeInvis +     r - +3 short sword
rCold  + . .     Gourm    .     b - +1 robe
rNeg   . . .     Faith    .     (no shield)
rPois  +         Spirit   .     g - +1 helmet
rElec  .         Dismiss  .     (no cloak)
rCorr  .         Reflect  .     i - +2 pair of gloves
SustAt .         Harm     .     (no barding)
MR     .....                    q - amulet of magic regeneration
Stlth  ++++......               s - +5 ring of strength
                                m - ring of protection from cold

@: short of breath, very slightly contaminated, very slow, not resistant to
hostile enchantments, stealthy
A: see invisible, deformed body, poison resistance, slowness 2, slow metabolism
1, spit poison 2, AC +2
a: Spit Poison


You were on level 4 of the Dungeon.
You were hungry.

You visited 1 branch of the dungeon, and saw 4 of its levels.
You also visited: Sewer.

You collected 256 gold pieces.

Inventory:

Hand Weapons
 a - a +1 dagger
 r - a +3 short sword (weapon)
Armour
 b - a +1 robe (worn)
 g - a +1 helmet (worn)
 i - a +2 pair of gloves (worn)
 t - a +0 large shield
 w - a +0 shield
Jewellery
 k - an uncursed ring of sustain attributes
 m - a ring of protection from cold (left hand)
 q - an amulet of magic regeneration (around neck)
 s - a +5 ring of strength (right hand)
Scrolls
 h - a scroll of enchant weapon {unknown}
 j - 4 scrolls of identify {unknown}
 o - a scroll of teleportation {unknown}
 p - 4 scrolls of blinking {unknown}
 v - a scroll of remove curse {unknown}
Potions
 e - 3 potions of curing
 n - a potion of lignification
Books
 c - a book of Maledictions

   Spells                             Type                      Level
   a - Corona                         Hexes                        1
   b - Ensorcelled Hibernation        Hexes/Ice                    2
   c - Confuse                        Hexes                        3
   d - Tukima's Dance                 Hexes                        3
   e - Dazzling Spray                 Conjuration/Hexes            3
Comestibles
 d - 6 bread rations
 f - 9 fruits
 l - 3 slices of pizza
 u - a beef jerky


   Skills:
 + Level 1.8 Fighting
 + Level 1.4 Short Blades
 + Level 3.3 Dodging
 + Level 7.0 Stealth
 + Level 3.3 Spellcasting
 + Level 3.9 Hexes
 + Level 1.1 Ice Magic


You had 9 spell levels left.
You knew the following spells:

 Your Spells              Type           Power        Failure   Level  Hunger
a - Corona                Hex            ###....      3%          1    None
b - Ensorcelled Hibernat  Hex/Ice        ##....       12%         2    ##.....


Dungeon Overview and Level Annotations

Branches:
Dungeon (4/15)
 Temple: D:4-7

Altars:
Kikubaaqudgha
Ru
Trog


Innate Abilities, Weirdness & Mutations

You cannot wear boots.
Your serpentine skin is tough (AC +2).
You have supernaturally acute eyesight.
Armour fits poorly on your strangely shaped body.
Your system is resistant to poisons.
You cover ground very slowly.
You have a slow metabolism.
You can spit poison.


Message History

Confirm with . or Enter, or press ? or * to list all spells.
Aiming: Ensorcelled Hibernation
Press: ? - help, Shift-Dir - straight line, f/p - ogre
Aim: an ogre, wielding a giant club (moderately wounded, chance to defeat MR: 42%)
You miscast Ensorcelled Hibernation.
The light around you dims momentarily. The ogre barely misses you.
The ogre hits you with a giant club.
You see here a slice of pizza.
The ogre hits you with a giant club!
* * * LOW HITPOINT WARNING * * *
Found 10 gold pieces.
The ogre closely misses you. The ogre barely misses you.
Press: ? - help, Shift-Dir - straight line, f/p - ogre
Aim: an ogre, wielding a giant club (moderately wounded)
The splash of poison hits the ogre.
The ogre appears unharmed.
The ogre is moderately wounded.
You feel slightly more hungry. The ogre hits you with a giant club!!
Ouch! That really hurt!
You die...

##..#.......#
##.........#
#####...>.....#
..............#
#####.........# #
######....#######
#.###.........#
##..........#O##
.......##..##@#
.....##...###.######
........#####......##
.$.####..###........##
####%##..........#
#....##........>.#
#....##..........#
#.....#..........#
#...#............#


You could see an ogre.

Vanquished Creatures
  2 giant frogs (Sewer)
  A howler monkey (D:4)
  A hound (D:4)
  A worker ant (D:4)
  7 adders
  A river rat (D:3)
  11 oozes
  3 worms
  3 dart slugs
  10 giant geckos
  An orc (D:4)
  6 ball pythons
  4 giant cockroaches
  8 goblins
  4 hobgoblins
  A quokka (D:2)
  8 bats
  12 giant newts
  8 kobolds
  9 rats
101 creatures vanquished.

Notes
Turn   | Place    | Note
--------------------------------------------------------------
     0 | D:1      | Siriah the Naga Enchanter began the quest for the Orb.
     0 | D:1      | Reached XP level 1. HP: 15/15 MP: 3/3
     0 | D:1      | Noticed a ghoul
     0 | D:1      | Noticed a centaur
     3 | D:1      | Noticed a vine stalker
     9 | D:1      | Noticed a gargoyle
    11 | D:1      | Noticed a merfolk zombie
    14 | D:1      | Noticed a ghoul
    15 | D:1      | Noticed a naga
    19 | D:1      | Noticed an elf
    19 | D:1      | Noticed a vampire
    21 | D:1      | Noticed a naga
   454 | D:1      | Reached XP level 2. HP: 5/22 MP: 1/5
   994 | D:1      | Learned a level 2 spell: Ensorcelled Hibernation
  1023 | D:1      | Reached XP level 3. HP: 10/30 MP: 2/6
  2191 | D:2      | Reached XP level 4. HP: 33/37 MP: 7/7
  2195 | D:2      | Reached skill level 5 in Stealth
  2285 | D:2      | Found a bloodstained altar of Trog.
  2838 | D:3      | Found a sacrificial altar of Ru.
  2903 | D:3      | Found a glowing drain.
  2962 | Sewer    | Entered a sewer
  3138 | Sewer    | Reached skill level 6 in Stealth
  3138 | Sewer    | Reached XP level 5. HP: 43/43 MP: 9/9
  3513 | Sewer    | Reached skill level 1 in Fighting
  3526 | Sewer    | Reached XP level 6. HP: 15/51 MP: 1/10
  4207 | D:4      | Found an ancient bone altar of Kikubaaqudgha.
  4212 | D:4      | Reached skill level 7 in Stealth
  4372 | D:4      | Reached skill level 1 in Ice Magic
  4372 | D:4      | Reached XP level 7. HP: 48/58 MP: 6/12
  4388 | D:4      | Mangled by an ogre

Skill      XL: |  1  2  3  4  5  6 |
---------------+-------------------+-----
Dodging        | 2 3 |  3.3
Stealth        | 6 7 |  7.0
Fighting       | 1 |  1.8
Spellcasting   | 3 |  3.3
Ice Magic      | 1 |  1.1
Short Blades   | |  1.4
Hexes          | |  3.9

Action                   |  1- 3 |  4- 6 |  7- 9 || total
-------------------------+-------+-------+-------++-------
Melee: Dagger            |   123 |    16 |       ||   139
       Short sword       |       |   150 |       ||   150
 Cast: Corona            |    15 |       |       ||    15
       Ensorcelled Hiber |    13 |    24 |     1 ||    38
 Abil: Spit Poison       |     4 |       |     1 ||     5
  Use: Potion            |     1 |     5 |       ||     6
 Stab: Sleeping          |    14 |    34 |       ||    48
       Distracted        |     1 |       |       ||     1
  Eat: Chunk             |     4 |     7 |       ||    11
Armor: Robe              |    65 |    91 |       ||   156
       Skin              |       |    86 |       ||    86
Dodge: Dodged            |    92 |   115 |     3 ||   210
